 Dungeon Crawl Stone Soup version 0.24.0-13-gcf9b3192b9 (webtiles) character file.

Game seed: 6512957290294626965, levelgen mode: deterministic

107 Arum the Cutter (level 5, -9/32 HPs)
             Began as a Kobold Gladiator on Nov 5, 2019.
             Engulfed by Ijyb's flame (18 damage)
             ... on level 3 of the Dungeon.
             The game lasted 00:03:56 (2248 turns).

Arum the Cutter (Kobold Gladiator)                  Turns: 2248, Time: 00:03:56

Health: -9/32      AC:  5    Str: 13    XL:     5   Next: 10%
Magic:  5/5        EV: 18    Int:  9    God:
Gold:   79         SH:  7    Dex: 16    Spells: 4/4 levels left

rFire    . . .     SeeInvis .   a - +0 rapier
rCold    . . .     Gourm    .   s - +0 shield (curse)
rNeg     . . .     Faith    .   b - +0 leather armour
rPois    .         Spirit   .   c - +1 helmet
rElec    .         Reflect  .   (no cloak)
rCorr    .         Harm     .   (no gloves)
MR       .....                  (no boots)
Stlth    +.........             (no amulet)
HPRegen  0.10/turn              e - +4 ring of evasion
MPRegen  0.09/turn              (no ring)

@: no status effects
A: small, carnivore
a: no special abilities


You were on level 3 of the Dungeon.
You were completely stuffed.

You visited 1 branch of the dungeon, and saw 3 of its levels.

You collected 79 gold pieces.

Inventory:

Hand Weapons
 a - a +0 rapier (weapon)
Missiles
 d - 3 throwing nets (quivered)
 l - 3 javelins
Armour
 b - a +0 leather armour (worn)
 c - a +1 helmet (worn)
 m - a +0 scale mail
 s - a cursed +0 shield (worn)
Jewellery
 e - a +4 ring of evasion (left hand)
Scrolls
 k - 2 scrolls of amnesia
 n - 2 scrolls of teleportation
Potions
 g - 3 potions of might
 o - a potion of curing {unknown}
 q - a potion of brilliance {unknown}
Comestibles
 f - 4 rations
 h - 2 chunks of flesh


   Skills:
 + Level 3.5 Fighting
 + Level 5.2 Short Blades
 - Level 2.1 Throwing
 + Level 4.7 Dodging


You had 4 spell levels left.
You didn't know any spells.
Your spell library was empty.

Dungeon Overview and Level Annotations

Branches:
Dungeon (3/15)

Altars:
Ashenzari
Makhleb
Xom
Zin

Annotations:
D:3 Ijyb


Innate Abilities, Weirdness & Mutations

You are small and have problems with some larger weapons.
You are carnivorous and can eat meat at any time.


Message History

You hit Ijyb.
Ijyb is lightly wounded.
You are engulfed in blazing flames.
Ouch! That really hurt!
* * * LOW HITPOINT WARNING * * *
You block Ijyb's attack.
You are too injured to fight recklessly!
You are too injured to fight recklessly!
You are too injured to fight recklessly!
You are too injured to fight recklessly!
You are too injured to fight recklessly!
You are too injured to fight recklessly!
You are too injured to fight recklessly!
You are too injured to fight recklessly!
Unknown command.
You puncture Ijyb!
Ijyb is heavily wounded.
You are engulfed in blazing flames.
Ouch! That really hurt!
You die...

####.........#
#.###'###.# ......
#. #.# #.# ....>! #
###.###.# #......
+.._..'.## .......
#######..# ..8...
### #..# ##....
#####).####§§###.#
.........g@§§§....#
#####.#.###########
...#.# .####.# ..
#.# . #.# #.# .#


You could see Ijyb.

Vanquished Creatures
  4 gnolls
  3 adders (D:2)
  A worm (D:2)
  2 dart slugs (D:2)
  A leopard gecko (D:1)
  2 ball pythons
  4 giant cockroaches
  3 goblins (D:1)
  3 hobgoblins
  3 bats
  3 frilled lizards (D:2)
  6 kobolds
  4 rats
39 creatures vanquished.

Notes
Turn   | Place    | Note
-------+----------+-------------------------------------------
     0 | D:1      | Arum the Kobold Gladiator began the quest for the Orb.
     0 | D:1      | Reached XP level 1. HP: 12/12 MP: 1/1
   170 | D:1      | Reached XP level 2. HP: 17/18 MP: 2/2
   500 | D:2      | Reached XP level 3. HP: 17/22 MP: 3/3
   952 | D:2      | Found a glowing silver altar of Zin.
  1029 | D:2      | Reached XP level 4. HP: 16/28 MP: 4/4
  1313 | D:2      | Found a shattered altar of Ashenzari.
  1615 | D:1      | Reached skill level 5 in Short Blades
  1791 | D:2      | Found a shimmering altar of Xom.
  1791 | D:2      | Found a shimmering altar of Xom.
  1791 | D:2      | Found a shimmering altar of Xom.
  1792 | D:2      | Found a shimmering altar of Xom.
  1792 | D:2      | Found a shimmering altar of Xom.
  1815 | D:2      | Reached XP level 5. HP: 25/32 MP: 5/5
  2040 | D:2      | Found a shimmering altar of Xom.
  2219 | D:3      | Found a burning altar of Makhleb.
  2236 | D:3      | Noticed Ijyb
  2248 | D:3      | Engulfed by Ijyb's flame

Levels and vault maps discovered:
D:1:      minmay_arrival_cross, layout_rooms
D:2:      layout_rooms, lemuel_round_altar, zin_treasury, first_ration,
          xom_redecorated
D:3:      layout_loops_ring, lemuel_doored_altar, elyvilon_altar_5,
          grunt_ministairs_6, st_stairs_1, uniq_ijyb

Skill      XL: |  1  2  3  4 |
---------------+-------------+-----
Dodging        | 4 |  4.7
Fighting       | 3 |  3.5
Short Blades   | 5 |  5.2
Throwing       | |  2.1

Action                   |  1- 3 |  4- 6 || total
-------------------------+-------+-------++-------
Melee: Rapier            |    93 |    70 ||   163
  Use: Potion            |     1 |     1 ||     2
       Scroll            |       |     6 ||     6
  Eat: Chunk             |     8 |     5 ||    13
Armor: Leather armour    |    19 |    11 ||    30
Dodge: Dodged            |    93 |    68 ||   161
Block: Shield            |       |     2 ||     2
